 Dungeon Crawl Stone Soup version 0.31-a0-214-gb37851d (webtiles) character file.

Game seed: 18328306890548213021

576 lyrin the Slasher (level 7, -10/54 HPs)
             Began as a Djinni Berserker on July 1, 2023.
             Was a Priest of Trog.
             Mangled by a wight
             ... wielding a +3 battleaxe
              (13 damage)
             ... on level 4 of the Dungeon.
             The game lasted 00:05:43 (4295 turns).

lyrin the Slasher (Djinni Berserker)                Turns: 4295, Time: 00:05:43

Health: -10/54     AC:  3    Str: 16    XL:     7   Next: 62%
Gold:   137        EV: 13    Int:  8    God:    Trog [***...] SH:  0 Dex: 15

rFire   + + .        u - +4 dagger (antimagic)
rCold   x . .        (no shield)
rNeg    . . .        b - +0 animal skin
rPois   ∞            k - +0 helmet
rElec   .            (no cloak)
rCorr   .            (no gloves)
SInv    .            (boots unavailable)
Will    .....        (no amulet)
Stlth   ++           (no ring)
HPRegen 0.29/turn    (no ring)
MPRegen 0.00/turn

%: infuse magic (-11 HP)
@: flying
A: sickness immunity, fire resistance 2, cold vulnerability 1, float, innate
caster, HP casting, extra vitality 1
a: Renounce Religion, Berserk, Trog's Hand


You were on level 4 of the Dungeon.
You worshipped Trog.
Trog was most pleased with you.
You visited 1 branch of the dungeon, and saw 4 of its levels.
You also visited: Sewer.

You collected 137 gold pieces.

Inventory:

Hand Weapons
 a - a +0 falchion
 e - a +0 dagger of electrocution
 u - a +4 antimagic dagger (weapon)
 v - a +1 dagger of venom
Missiles
 l - 5 poisoned darts
Armour
 b - a +0 animal skin (worn)
 k - a +0 helmet (worn)
Jewellery
 o - an amulet of faith
Wands
 t - a wand of roots (7)
Scrolls
 c - a scroll of summoning {unknown}
 d - 2 scrolls of fog {unknown}
 f - 2 scrolls of teleportation {unknown}
 j - a scroll of revelation {unknown}
 m - a scroll of enchant armour {unknown}
 n - 3 scrolls of identify {unknown}
 r - a scroll of immolation {unknown}
 s - a scroll of blinking {unknown}
 x - a scroll of amnesia {unknown}
Potions
 g - a potion of enlightenment {unknown}
 h - a potion of lignification {unknown}
 i - a potion of experience {unknown}
 p - a potion of mutation {unknown}
 q - a potion of curing {unknown}
 w - 2 potions of might {unknown}
 z - a potion of resistance {unknown}
 A - a potion of cancellation {unknown}
 B - a potion of haste {unknown}
 C - a potion of heal wounds {unknown}


   Skills:
 + Level 5.1 Fighting
 * Level 5.1 Long Blades
 + Level 2.2 Armour
 + Level 4.2 Dodging
 + Level 1.9 Stealth


You knew the following spells:

 Your Spells              Type           Power      Damage    Failure   Level
a - Sting                 Tmut/Pois      0%         1d3       41%         1
b - Searing Ray           Conj           0%         2d4       54%         2
c - Vhi's Electric Charg  Tloc/Air       0%         N/A       78%         3
Your spell library was empty.

Dungeon Overview and Level Annotations

Branches:
Dungeon (4/15)              Sewer (visited)
 Temple: D:4-7

Altars:
Cheibriados


Innate Abilities, Weirdness & Mutations

You are immune to sickness and miasma.
You are immune to poison.
Your flesh is very heat resistant. (rF++)
You are vulnerable to cold. (rC-)
You float through the air rather than walking.
You learn spells naturally, not from books.
Your magical power is your life essence.
You have superior vitality. (+4 MHP)


Message History

The ball python constricts you.
You barely miss the ball python. The ball python closely misses you.
The ball python constricts you.
You hit the ball python.
The ball python is moderately wounded.
The ball python barely misses you. The ball python constricts you.
You hit the ball python.
You kill the ball python!
Trog accepts your kill.
No target in view!
You see here a ball python corpse.
No target in view!
HP restored.
A wight comes into view. It is wielding a +0 halberd.
A wight comes into view. It is wielding a +3 battleaxe.
There are monsters nearby!
A quokka comes into view.
A kobold comes into view. It is wielding a +0 dagger.
The wight closely misses you.
You hit the wight.
The wight is lightly damaged.
The wight hits you with a +3 battleaxe!!
You hit the wight.
The wight is moderately damaged.
The wight hits you with a +3 battleaxe.
You hit the wight but do no damage.
The wight is moderately damaged.
You hit the wight but do no damage.
The wight is moderately damaged.
The wight hits you with a +3 battleaxe!!
* * * LOW HITPOINT WARNING * * *
You are too injured to fight recklessly!
You hit the wight but do no damage.
The wight is moderately damaged.
The wight barely misses you.
Unknown command.
The wight attacks as you move away! The wight hits you with a +3 battleaxe!
* * * LOW HITPOINT WARNING * * *
The wight attacks as you move away! The wight hits you with a +3 battleaxe!
You die...

#....# ...#....###
...........
........#.#.##
.......#.#...
...#....##..
...#........
#.##########..........
#....@z......##....###
###########...#...z...
#...........
####......>. ########.
#. #. #. #.


You could see a wight.

Vanquished Creatures
  Grinder (D:3)
  A howler monkey (D:4)
  3 jellies (Sewer)
  Ijyb (D:3)
  Natasha (twice) (D:2)
  Robin (D:2)
  2 river rats (Sewer)
  6 adders
  6 ball pythons
  8 endoplasms
  10 giant cockroaches
  5 hobgoblins
  7 jackals (D:3)
  5 kobolds
  2 quokkas
  5 bats
  3 frilled lizards
  15 goblins
  11 rats
94 creatures vanquished.

Notes
Turn   | Place    | Note
-------+----------+-------------------------------------------
     0 | D:1      | lyrin the Djinni Berserker began the quest for the Orb.
     0 | D:1      | Reached XP level 1. HP: 20/20 MP: 0/0
   293 | D:1      | Reached XP level 2. HP: 25/25 MP: 0/0
   934 | D:2      | Found a faded altar of an unknown god.
   988 | D:2      | Noticed Robin
   995 | D:2      | Reached XP level 3. HP: 28/30 MP: 0/0
   995 | D:2      | Learned a level 1 spell: Sting
  1012 | D:2      | Reached ** piety under Trog
  1162 | D:2      | Killed Robin
  1219 | D:2      | Noticed Natasha
  1228 | D:2      | Killed Natasha
  1229 | D:2      | Reached XP level 4. HP: 21/35 MP: 0/0
  1807 | D:2      | Noticed Natasha
  1810 | D:2      | Killed Natasha
  1811 | D:2      | Reached XP level 5. HP: 41/41 MP: 0/0
  1811 | D:2      | Learned a level 2 spell: Searing Ray
  2029 | D:3      | Found a snail-covered altar of Cheibriados.
  2413 | D:3      | Noticed Grinder
  2418 | D:3      | Paralysed by Grinder for 3 turns
  2596 | D:3      | Killed Grinder
  2597 | D:3      | Reached skill level 1 in Stealth
  2597 | D:3      | Reached XP level 6. HP: 5/48 MP: 0/0
  3057 | D:3      | Noticed Ijyb
  3217 | D:3      | Killed Ijyb
  3381 | D:4      | Reached XP level 7. HP: 44/53 MP: 0/0
  3381 | D:4      | Learned a level 3 spell: Vhi's Electric Charge
  3426 | D:4      | Reached skill level 5 in Long Blades
  3468 | D:4      | Found a glowing drain.
  3485 | Sewer    | Entered a sewer
  3653 | Sewer    | Reached *** piety under Trog
  3885 | Sewer    | Found a shimmering altar of Xom.
  3977 | Sewer    | HP: 3/79 [acid (3)]
  3977 | Sewer    | HP: 1/79 [constriction (1)]
  3979 | Sewer    | Reached skill level 5 in Fighting
  4293 | D:4      | HP: 2/54 [wight/+3 battleaxe (14)]
  4295 | D:4      | Mangled by a wight

Illustrated notes

Levels and vault maps discovered:
D:1:      lightli_arrival_quake, layout_loops_cross, minivault_11
D:2:      layout_basic, serial_aquarium, aquarium_bridge_long_joined
          [aquarium_subvault_wall, aquarium_subvault_balcony,
          aquarium_subvault_balcony, aquarium_subvault_balcony,
          aquarium_subvault_bridge, aquarium_subvault_wall],
          aquarium_bridge_square [aquarium_subvault_wall,
          aquarium_subvault_balcony, aquarium_subvault_bridge,
          aquarium_subvault_wall], aquarium_window_2, aquarium_window_1,
          aquarium_window_2, aquarium_view_2f, aquarium_balcony_1a,
          aquarium_pool_1, chequers_ecumenical_altar_island, uniq_robin,
          uniq_natasha
D:3:      layout_loops_cross, lemuel_tele_altar,
          mainiacjoe_overflow_cross_hatched, uniq_grinder, uniq_ijyb
D:4:      layout_rooms, gup_sewer_entry_pipe

Skill      XL: |  1  2  3  4  5  6  7 |
---------------+----------------------+-----
Long Blades    | 3 4 5 |  5.1
Fighting       | 4 5 |  5.1
Dodging        | 3 4 |  4.2
Stealth        | 1 |  1.9
Armour         | |  2.2

Action                     |  1- 3 |  4- 6 |  7- 9 || total
---------------------------+-------+-------+-------++-------
  Melee: Falchion          |    38 |       |       ||    38
         Punch             |     1 |       |     2 ||     3
         Dagger            |    78 |   153 |   132 ||   363
 Invoke: Berserk           |       |     1 |     1 ||     2
   Stab: Sleeping          |     1 |       |     3 ||     4
 Armour: Animal skin       |    27 |    19 |    26 ||    72
  Dodge: Dodged            |    86 |    89 |    74 ||   249

Table legend: (Time is in decaauts)
 A = Elapsed time spent in this place.
 B = Non-inter-level travel time spent in this place.
 C = Inter-level travel time spent in this place.
 D = Time resting spent in this place.
 E = Time spent auto-exploring this place.
 F = Levels seen in this place.
 G = Mean time per level.
                   A        B        C        D        E       F      G
               +--------+--------+--------+--------+--------+-----+--------+
         Total |   4269 |   4183 |     86 |    797 |   2466 |   5 |  853.8 |
       Dungeon |   3554 |   3468 |     86 |    616 |   2102 |   4 |  888.5 |
         Sewer |    714 |    714 |      0 |    181 |    364 |   1 |  714.0 |
               +--------+--------+--------+--------+--------+-----+--------+

Top non-repeatable levels by time:
     D:2: 1554 daAuts
     D:3: 1120 daAuts
   Sewer: 714 daAuts
     D:1: 681 daAuts
     D:4: 198 daAuts
